 Dungeon Crawl Stone Soup version 0.22-a0-305-gd21a89c (webtiles) character file.

168 JeffiDaFish the Conjurer (level 5, -2/38 HPs)
             Began as a Draconian Conjurer on Mar 29, 2018.
             Was a Follower of Vehumet.
             Killed by nerve-wracking pain
             ... invoked by HilariousDeathArtist's ghost
              (9 damage)
             ... on level 4 of the Dungeon on Mar 31, 2018.
             The game lasted 00:10:52 (3571 turns).

JeffiDaFish the Conjurer (Draconian Conjurer)       Turns: 3571, Time: 00:10:52

Health: -2/38      AC: 15    Str: 10    XL:     5   Next: 24%
Magic:  4/10       EV: 12    Int: 22    God:    Vehumet [*.....]
Gold:   156        SH:  0    Dex: 11    Spells: 1/11 levels left

rFire    . . .     SeeInvis .   a - +1 short sword
rCold    . . .     Gourm    .   (no shield)
rNeg     . . .     Faith    .   (armour unavailable)
rPois    .         Spirit   .   (helmet restricted)
rElec    .         Reflect  .   (no cloak)
rCorr    .         Harm     .   d - +2 pair of gloves
MR       .....                  l - +2 pair of boots
Stlth    ++........             (no amulet)
HPRegen  0.12/turn              e - +5 ring of intelligence
MPRegen  0.12/turn              i - +4 ring of protection

@: no status effects
A: unfitting armour, cold-blooded, AC +5
a: Renounce Religion


You were on level 4 of the Dungeon.
You worshipped Vehumet.
Vehumet was aware of your devotion.
You were not hungry.

You visited 1 branch of the dungeon, and saw 4 of its levels.

You collected 156 gold pieces.

Inventory:

Hand Weapons
 a - a +1 short sword (weapon)
Armour
 d - a +2 pair of gloves (worn)
 l - a +2 pair of boots (worn)
Jewellery
 e - a +5 ring of intelligence (left hand)
 g - an uncursed ring of protection from magic
 h - an uncursed ring of flight
 i - a +4 ring of protection (right hand)
Scrolls
 c - a scroll of identify
 f - 3 scrolls of teleportation
 k - a scroll of enchant armour
 m - 2 scrolls of enchant weapon
 n - a scroll of fog
Comestibles
 b - 3 rations


   Skills:
 - Level 1.7 Dodging
 - Level 1.7 Stealth
 + Level 3.8 Spellcasting
 + Level 5.4 Conjurations


You had one spell level left.
You knew the following spells:

 Your Spells              Type           Power        Failure   Level  Hunger
a - Magic Dart            Conj           ####         1%          1    None
b - Searing Ray           Conj           ####..       1%          2    #......
c - Dazzling Spray        Conj/Hex       ###...       11%         3    ###....
d - Iskenderun's Mystic   Conj           ####....     12%         4    ####...


Dungeon Overview and Level Annotations

Branches:
Dungeon (4/15)
 Temple: D:4-7

Altars:
Cheibriados
Elyvilon
Gozag
Nemelex Xobeh
Ru
Vehumet
The Shining One

Annotations:
D:4 HilariousDeathArtist's ghost, amateur MiNe


Innate Abilities, Weirdness & Mutations

Your plain brown scales are hard. (AC +5)
You cannot fit into any form of body armour.
You are cold-blooded and may be slowed by cold attacks.


Message History

HilariousDeathArtist's ghost is almost destroyed.
You finish channeling your searing ray.
The adder bites you but does no damage.
HilariousDeathArtist's ghost points at you and mumbles some strange words.
Pain shoots through your body!
Casting: Searing Ray (safe; 1% risk of failure)
Confirm with . or Enter, or press ? or * to list all spells.
Aiming: Searing Ray (safe; 1% risk of failure)
Press: ? - help, Shift-Dir - straight line, f/p - HilariousDeathArtist's ghost
Aim: HilariousDeathArtist's ghost, wielding a weapon of speed (almost destroyed)
Okay, then.
The adder bites you but does no damage.
HilariousDeathArtist's ghost gestures at you while chanting.
Pain shoots through your body!
* * * LOW HITPOINT WARNING * * *
The adder completely misses you. The adder bites you.
* * * LOW HITPOINT WARNING * * *
HilariousDeathArtist's ghost gestures at you while chanting.
Pain shoots through your body!
You die...

#.#.#.## ##.. .. .#
.<.....# ###.....# .#
....#..# #.....#.#..
..#.#..## ##.....#.#. #
..#...... .......... .#
.......### #.....#.#.#
.#####.# #.........##
.......####### #S.W...#
.....#.......###@#.##.#
####.#...........#.# #
#..................##.##
#.##.#.......##..#......
#.##.#.......##....##.#
.....#.......##.......#
..####...........######
..#####.########.#
..[.....##...###.#


You could see HilariousDeathArtist's ghost and an adder.

Vanquished Creatures
  A hound (D:4)
  3 gnolls (D:3)
  4 adders
  An ooze (D:4)
  A worm (D:3)
  3 dart slugs
  4 orcs (D:3)
  3 giant cockroaches
  7 goblins
  3 hobgoblins
  8 jackals
  5 kobolds
  A ball python (D:3)
  4 bats
  6 frilled lizards
  A quokka skeleton (D:4)
  4 rats
59 creatures vanquished.

Notes
Turn   | Place    | Note
-------+----------+-------------------------------------------
     0 | D:1      | JeffiDaFish the Draconian Conjurer began the quest for the Orb.
     0 | D:1      | Reached XP level 1. HP: 14/14 MP: 3/3
   232 | D:1      | Reached XP level 2. HP: 20/20 MP: 5/5
   342 | D:1      | Learned a level 2 spell: Searing Ray
  1343 | D:2      | Reached XP level 3. HP: 26/26 MP: 5/7
  1749 | D:2      | Found a radiant altar of Vehumet.
  1753 | D:2      | Became a worshipper of Vehumet
  1756 | D:2      | Found a sparkling altar of Nemelex Xobeh.
  1756 | D:2      | Found a snail-covered altar of Cheibriados.
  1757 | D:2      | Found a glowing golden altar of the Shining One.
  1760 | D:2      | Found a white marble altar of Elyvilon.
  2299 | D:3      | Learned a level 3 spell: Dazzling Spray
  2424 | D:3      | Reached XP level 4. HP: 10/33 MP: 2/8
  2879 | D:3      | Found an opulent altar of Gozag.
  2939 | D:3      | Reached skill level 5 in Conjurations
  3079 | D:3      | Found a sacrificial altar of Ru.
  3155 | D:3      | Reached * piety under Vehumet
  3155 | D:3      | Offered knowledge of Freeze by Vehumet.
  3170 | D:3      | Learned a level 4 spell: Iskenderun's Mystic Blast
  3347 | D:4      | Reached XP level 5. HP: 36/38 MP: 10/10
  3562 | D:4      | Noticed HilariousDeathArtist's ghost (amateur MiNe)
  3571 | D:4      | Killed from afar by HilariousDeathArtist's ghost

Vault maps used:
D:1:      minmay_arrival_diagonal_passages
D:2:      minitemple
D:3:      marbit_many_paths, old_standard_altar
D:4:      temple_statues

Skill      XL: |  1  2  3  4 |
---------------+-------------+-----
Spellcasting   | 3 |  3.8
Conjurations   | 5 |  5.4
Dodging        | |  1.7
Stealth        | |  1.7

Action                   |  1- 3 |  4- 6 || total
-------------------------+-------+-------++-------
Melee: Unarmed           |    10 |       ||    10
       Short sword       |    54 |     6 ||    60
       Tailslap          |     6 |       ||     6
 Cast: Magic Dart        |    36 |    22 ||    58
       Searing Ray       |     3 |     5 ||     8
       Iskenderun's Myst |       |     3 ||     3
  Use: Scroll            |    12 |       ||    12
       Potion            |     6 |     1 ||     7
  Eat: Chunk             |     5 |     4 ||     9
Armor: Skin              |    32 |     4 ||    36
Dodge: Dodged            |    66 |     6 ||    72

Table legend:
 A = Spawn XP
 B = Non-spawn XP
 C = Spawn XP percentage of total XP
 D = Spawn monster count
 E = Non-spawn monster count
 F = Spawn count percentage of total count
 G = Total turns spent on level
                    A         B        C        D         E        F      G
               +---------+---------+-------+---------+---------+-------+---------
         Total |       0 |     241 |   0.0 |       0 |      59 |   0.0 |  3571
               +---------+---------+-------+---------+---------+-------+---------
           D:1 |       0 |      28 |   0.0 |       0 |      16 |   0.0 |  1167
           D:2 |       0 |      32 |   0.0 |       0 |      13 |   0.0 |  1101
           D:3 |       0 |     131 |   0.0 |       0 |      27 |   0.0 |  1051
           D:4 |       0 |      50 |   0.0 |       0 |       3 |   0.0 |   252
               +---------+---------+-------+---------+---------+-------+---------
